 Dungeon Crawl Stone Soup version 0.31-a0-174-g85c54bcb58 (webtiles) character file.

Game seed: 4285921013091852483

37 qw the Shooter (level 3, 0/22 HPs)
             Began as a Gargoyle Hunter on June 15, 2023.
             Slain by a gnoll
             ... wielding a +0 flail
              (4 damage)
             ... on level 1 of the Dungeon.
             The game lasted 00:00:24 (799 turns).

qw the Shooter (Gargoyle Hunter)                     Turns: 799, Time: 00:00:24

Health: 0/22       AC:  7    Str: 14    XL:     3   Next: 41%
Magic:  3/3        EV: 11    Int:  9    God:
Gold:   54         SH:  0    Dex: 15    Spells: 2/2 levels left

rFire   . . .        Y - +0 shortbow
rCold   . . .        (shield currently unavailable)
rNeg    + . .        c - +0 leather armour
rPois   inf          (no helmet)
rElec   +            (no cloak)
rCorr   .            b - +0 pair of gloves
SInv    .            (no boots)
Will    .....        (no amulet)
Stlth   ++           (no ring)
HPRegen 0.23/turn    (no ring)
MPRegen 0.08/turn

%: no passive effects
@: no status effects
A: sickness immunity, AC +3, negative energy resistance 1, electricity
resistance, torment resistance 1, petrification resistance
a: no special abilities


You were on level 1 of the Dungeon.
You visited 1 branch of the dungeon, and saw 2 of its levels.

You collected 54 gold pieces.


Innate Abilities, Weirdness & Mutations

You are immune to sickness and miasma.
Your stone body is resilient. (AC +3)
You are immune to poison.
You resist negative energy. (rN+)
You are resistant to electric shocks. (rElec)
You are resistant to unholy torment.
You are immune to petrification.


   Skills:
 + Level 2.5 Fighting
 - Level 5.0 Ranged Weapons
 - Level 1.5 Dodging
 - Level 1.1 Stealth


You had 2 spell levels left.
You didn't know any spells.
Your spell library was empty.

Inventory:

Hand Weapons
 Y - a +0 shortbow (weapon)
Armour
 b - a +0 pair of gloves (worn)
 c - a +0 leather armour (worn)
Scrolls
 a - a scroll of identify
Potions
 d - a potion of degeneration {unknown}
 h - a potion of attraction {unknown}
 j - a potion of haste {unknown}

Dungeon Overview and Level Annotations

Branches:
Dungeon (2/15)

Altars:


Message History

The gnoll barely misses you.
You shoot an arrow. The arrow hits the gnoll.
The gnoll is lightly wounded.
The gnoll closely misses you. The gnoll hits you but does no damage.
You shoot an arrow. The arrow completely misses the gnoll.
The gnoll closely misses you.
You shoot an arrow. The arrow barely misses the gnoll.
The gnoll closely misses you.
You shoot an arrow.
The arrow hits the gnoll but does no damage.
The gnoll is lightly wounded.
The gnoll hits you with a +0 flail.
You shoot an arrow. The arrow closely misses the gnoll.
The gnoll closely misses you.
You shoot an arrow.
The arrow hits the gnoll but does no damage.
The gnoll is lightly wounded.
The gnoll barely misses you. The gnoll closely misses you.
You shoot an arrow. The arrow barely misses the gnoll.
The gnoll hits you with a +0 flail.
You shoot an arrow.
The arrow hits the gnoll but does no damage.
The gnoll is lightly wounded.
The gnoll hits you with a +0 flail.
You shoot an arrow. The arrow barely misses the gnoll.
The gnoll misses you.
You shoot an arrow. The arrow hits the gnoll.
The gnoll is heavily wounded.
The gnoll hits you with a +0 flail.
You shoot an arrow. The arrow hits the gnoll.
The gnoll is heavily wounded.
The gnoll closely misses you.
You shoot an arrow.
The arrow hits the gnoll but does no damage.
The gnoll is heavily wounded.
The gnoll barely misses you. The gnoll misses you.
You shoot an arrow. The arrow hits the gnoll.
The gnoll is severely wounded.
The gnoll hits you with a +0 flail.
You die...

#.# #.# #..######.###.#.###...#
#.# #.# #..# #...........##. #.#
#.# #..#### ##..###.######. #.#
#.#####.....####..# #.# #.
#.###.............##..# #.# #.
#.................##..# #.# #.
#############.........###.######.
#....g[..............
#...@)############### #######


You could see a gnoll.

Vanquished Creatures
  A gnoll (D:2)
  A worm (D:2)
  A dart slug (D:1)
  4 endoplasms (D:1)
  2 giant cockroaches
  2 goblins (D:1)
  A hobgoblin (D:1)
  A kobold (D:1)
  A quokka (D:2)
  2 ball pythons (D:1)
  2 bats
  A frilled lizard (D:2)
  3 rats (D:1)
22 creatures vanquished.

Notes
Turn   | Place    | Note
-------+----------+-------------------------------------------
     0 | D:1      | qw the Gargoyle Hunter began the quest for the Orb.
     0 | D:1      | Reached XP level 1. HP: 12/12 MP: 1/1
     0 | D:1      | 0 ||| qw: Version: 0.2-a-29-g511e9b1
     0 | D:1      | 0 ||| qw: Game counter: 5487
     0 | D:1      | 0 ||| qw: Always use a shield: true
     0 | D:1      | 0 ||| qw: God list: Okawaru
     0 | D:1      | 0 ||| qw: Allow faded altars: false
     0 | D:1      | 0 ||| qw: Do Orc after D:15 true
     0 | D:1      | 0 ||| qw: Do second Lair branch before Depths: true
     0 | D:1      | 0 ||| qw: Lair rune preference: random
     0 | D:1      | 0 ||| qw: Plans: Normal, Zot:1-4, Slime:5, God:TSO, Crypt,
                  | Tomb, Abyss, Pan, Hells, Win
     0 | D:1      | 0 ||| PLANNING D:1-11
   108 | D:1      | Reached XP level 2. HP: 17/17 MP: 2/2
   628 | D:1      | 628 ||| READING 4 scrolls labelled WUANUT NANTYAV.
   629 | D:1      | 629 ||| READING scroll labelled XINIMOCKUO.
   630 | D:1      | 630 ||| READING scroll labelled WAEHEI OMOM.
   631 | D:1      | 631 ||| READING 3 scrolls of identify.
   631 | D:1      | 631 ||| IDENTIFYING fizzy blue potion
   632 | D:1      | 632 ||| READING 2 scrolls of identify.
   632 | D:1      | 632 ||| IDENTIFYING black potion
   633 | D:1      | 633 ||| DROPPING scroll of butterflies.
   634 | D:1      | 634 ||| DROPPING potion of enlightenment.
   635 | D:1      | 635 ||| DROPPING potion of ambrosia.
   686 | D:2      | Reached XP level 3. HP: 21/21 MP: 3/3
   714 | D:2      | Reached skill level 5 in Ranged Weapons
   740 | D:2      | 740 ||| FLEEEEING.
   741 | D:2      | 741 ||| FLEEEEING.
   742 | D:2      | 742 ||| FLEEEEING.
   745 | D:2      | 745 ||| FLEEEEING.
   746 | D:2      | 746 ||| FLEEEEING.
   747 | D:2      | 747 ||| FLEEEEING.
   748 | D:2      | 748 ||| FLEEEEING.
   749 | D:2      | 749 ||| FLEEEEING.
   750 | D:2      | 750 ||| FLEEEEING.
   751 | D:2      | 751 ||| FLEEEEING.
   752 | D:2      | 752 ||| FLEEEEING.
   753 | D:2      | 753 ||| FLEEEEING.
   754 | D:2      | 754 ||| FLEEEEING.
   755 | D:2      | 755 ||| FLEEEEING.
   756 | D:2      | 756 ||| FLEEEEING.
   757 | D:2      | 757 ||| FLEEEEING.
   759 | D:2      | 759 ||| FLEEEEING.
   760 | D:2      | 760 ||| FLEEEEING.
   761 | D:2      | 761 ||| FLEEEEING.
   762 | D:2      | 762 ||| STAIRDANCE
   777 | D:1      | 777 ||| UPGRADING to +0 pair of gloves.
   784 | D:2      | 784 ||| STAIRDANCE
   796 | D:1      | HP: 3/22 [gnoll/+0 flail (6)]
   799 | D:1      | Slain by a gnoll

Levels and vault maps discovered:
D:1:      lightli_arrival_lavapool, layout_loops_ring
D:2:      layout_basic, basic_altar, kennysheep_generic_room_3, uniq_robin

Skill      XL: |  1  2  3 |
---------------+----------+-----
Ranged Weapons | 5 |  5.0
Fighting       | |  2.5
Dodging        | |  1.5
Stealth        | |  1.1

Action                     || total
---------------------------++-------
   Fire: Shortbow          ||    82
    Use: Scroll            ||     5
 Armour: Leather armour    ||     8
  Dodge: Dodged            ||    23

Table legend:
 A = Non-vault XP
 B = Vault XP
 C = Vault XP percentage of total XP
 D = Non-vault monster count
 E = Vault monster count
 F = Vault count percentage of total count
                 A         B        C        D         E       F
            +---------+---------+-------+---------+---------+-------
      Total |      54 |       0 |   0.0 |      22 |       0 |   0.0
            +---------+---------+-------+---------+---------+-------
        D:1 |      29 |       0 |   0.0 |      16 |       0 |   0.0
        D:2 |      25 |       0 |   0.0 |       6 |       0 |   0.0
            +---------+---------+-------+---------+---------+-------
